 Dungeon Crawl Stone Soup version 0.31-a0-1576-ga3383bade6 (webtiles) character file.

Game seed: 2462944358239412381

359 grandjackal the Trooper (level 6, -6/50 HPs)
             Began as a Demonspawn Gladiator on Jan 4, 2024.
             Mangled by an iguana (9 damage)
             ... on level 4 of the Dungeon.
             The game lasted 00:03:06 (2955 turns).

grandjackal the Trooper (Demonspawn Gladiator)      Turns: 2955, Time: 00:03:07

Health: -6/50      AC: 12    Str: 16    XL:     6   Next: 37%
Magic:  6/6        EV:  8    Int:  8    God:
Gold:   237        SH:  0    Dex: 15    Spells: 5/5 levels left

rFire   . . .        a - +0 war axe
rCold   . . .        (no shield)
rNeg    . . .        p - +0 chain mail
rPois   .            (helmet restricted)
rElec   .            (no cloak)
rCorr   .            o - +0 pair of gloves
SInv    .            j - +0 pair of boots
Will    .....        (no amulet) Stlth
                     (no ring)
HPRegen 0.28/turn    (no ring)
MPRegen 0.10/turn

%: no passive effects
@: no status effects
A: horns 1, molten scales 1, foul stench 1
a: no special abilities


You were on level 4 of the Dungeon.
You visited 1 branch of the dungeon, and saw 4 of its levels.

You collected 237 gold pieces.

Inventory:

Hand Weapons
 a - a +0 war axe (weapon)
 q - a +0 antimagic mace
Missiles
 d - 3 throwing nets
 e - a javelin
 l - 7 boomerangs (quivered)
Armour
 j - a +0 pair of boots (worn)
 o - a +0 pair of gloves (worn)
 p - a +0 chain mail (worn)
Jewellery
 k - a +4 ring of protection
Scrolls
 b - a scroll of revelation {unknown}
 c - a scroll of noise {unknown}
 h - 3 scrolls of teleportation {unknown}
 i - a scroll of blinking {unknown}
 n - a scroll of fog {unknown}
 r - a scroll of fear {unknown}
Potions
 f - 3 potions of enlightenment {unknown}
 g - 3 potions of invisibility {unknown}
 m - 3 potions of curing {unknown}


   Skills:
 + Level 4.9 Fighting
 + Level 4.9 Axes
 - Level 2.0 Throwing
 - Level 3.0 Dodging


You had 5 spell levels left.
You didn't know any spells.
Your spell library contained the following spells:

 Spells                   Type           Power      Damage    Failure   Level
 Summon Small Mammal      Summ           0%         N/A       99%         1
 Call Canine Familiar     Summ           0%         N/A       100%        3
 Summon Blazeheart Golem  Fire/Summ      0%         N/A       100%        4
 Orb of Destruction       Conj           0%         9d5       100%        7
 Spellforged Servitor     Conj/Summ      0%         N/A       100%        7


Dungeon Overview and Level Annotations

Branches:
Dungeon (4/15)
 Temple: D:4-7

Altars:


Innate Abilities, Weirdness & Mutations

You have a pair of small horns on your head.
You are partially covered in molten scales. (AC +2)
You may rarely emit foul miasma when damaged in melee.


Message History

Beogh smites you! The orc hits you but does no damage. x2
The iguana bites you but does no damage.
Unknown command.
You hit the iguana but do no damage. You barely miss the orc.
The iguana barely misses you.
Unknown command.
You closely miss the iguana.
You hit the orc. x2; The orc closely misses you.
The iguana bites you but does no damage.
The orc barely misses you.
Unknown command.
You hit the orc.
You kill the orc!
You closely miss the iguana. You hit the orc.
You kill the orc!
The iguana bites you!
Unknown command.
You completely miss the orc priest. You hit the iguana but do no damage.
The iguana bites you!
The iguana bites you but does no damage.
The orc priest invokes the aid of Beogh against you.
Beogh smites you!
* * * LOW HITPOINT WARNING * * *
Unknown command.
You are too injured to fight recklessly!
Unknown command.
You are too injured to fight recklessly!
Unknown command.
You are too injured to fight recklessly!
Unknown command.
You slash the orc priest! You headbutt the orc priest.
The orc priest is almost dead.
You barely miss the iguana. You closely miss the orc.
The orc priest barely misses you. The iguana bites you!
* * * LOW HITPOINT WARNING * * *
The orc hits you but does no damage.
Unknown command.
You closely miss the orc priest.
The orc priest is almost dead.
You barely miss the orc. You slash the iguana! The iguana bites you!
You die...

#. ### #. ..
#.##.# #.... .###
#...#### ...#
##.....## ...
#..###..########.
##.##
##..)....#.. #@o#
#######....
......lo## ###..
......oo# #..
........# #..
......... #...
......... #....
......... #..#..
>...$.....
#..#.). ........


You could see an iguana, an orc priest and 3 orcs.

Vanquished Creatures
  An ogre (D:4)
  3 orc priests (D:3)
  An orc wizard (D:3)
  Robin (D:1)
  3 adders (D:3)
  A dart slug (D:1)
  15 orcs
  2 ball pythons (D:1)
  6 endoplasms
  13 giant cockroaches
  9 goblins
  11 hobgoblins
  A quokka (D:2)
  3 bats
  3 frilled lizards
  7 kobolds
  7 rats
87 creatures vanquished.

Vanquished Creatures (others)
  An orc wizard (D:3)
1 creature vanquished.

Grand Total: 88 creatures vanquished

Notes
Turn   | Place    | Note
-------+----------+-------------------------------------------
     0 | D:1      | grandjackal the Demonspawn Gladiator began the quest for
                  | the Orb.
     0 | D:1      | Reached XP level 1. HP: 16/16 MP: 1/1
   204 | D:1      | Gained mutation: You have a pair of small horns on your
                  | head. [demonic ancestry]
   204 | D:1      | Reached XP level 2. HP: 20/22 MP: 2/2
   740 | D:2      | Noticed Robin
   815 | D:1      | Killed Robin
   816 | D:1      | Reached XP level 3. HP: 14/28 MP: 3/3
  1520 | D:3      | Gained mutation: You are partially covered in molten
                  | scales. (AC +2) [demonic ancestry]
  1520 | D:3      | Reached XP level 4. HP: 27/35 MP: 4/4
  1706 | D:3      | Identified the +1 dagger of Nixet {spect, Int+5}
  2085 | D:3      | Reached XP level 5. HP: 28/42 MP: 5/5
  2800 | D:4      | Noticed an ogre
  2807 | D:4      | Killed an ogre
  2808 | D:4      | Gained mutation: You may rarely emit foul miasma when
                  | damaged in melee. [demonic ancestry]
  2808 | D:4      | Reached XP level 6. HP: 22/50 MP: 6/6
  2955 | D:4      | Mangled by an iguana

Illustrated notes

Levels and vault maps discovered:
D:1:      wander_arrival_peaceful_grave, layout_loops_ring
D:2:      layout_basic, grunt_decor_mini_mirrors, uniq_robin
D:3:      minmay_roachtagon, layout_loops_ring, minmay_misc_feat_alley
D:4:      layout_rooms, gammafunk_temple_overflow_claw,
          minmay_temple_entry_grid, serial_shops, nicolae_shop_advertising_works
          [nicolae_subvault_shop_adworks], uniq_edmund

Skill      XL: |  1  2  3  4  5 |
---------------+----------------+-----
Throwing       | 2 |  2.0
Axes           | 3 4 |  4.9
Dodging        | 3 |  3.0
Fighting       | 3 4 |  4.9

Action                     |  1- 3 |  4- 6 || total
---------------------------+-------+-------++-------
  Melee: War axe           |   102 |   101 ||   203
         Headbutt          |    18 |    18 ||    36
         Punch             |     2 |       ||     2
  Throw: Boomerang         |       |     3 ||     3
 Armour: Leather armour    |    80 |    41 ||   121
         Chain mail        |       |    55 ||    55
  Dodge: Dodged            |    91 |    83 ||   174

Table legend: (Time is in decaauts)
 A = Elapsed time spent in this place.
 B = Non-inter-level travel time spent in this place.
 C = Inter-level travel time spent in this place.
 D = Time resting spent in this place.
 E = Time spent auto-exploring this place.
 F = Levels seen in this place.
 G = Mean time per level.
                   A        B        C        D        E       F      G
               +--------+--------+--------+--------+--------+-----+--------+
         Total |   3023 |   2842 |    181 |    501 |   1767 |   4 |  755.8 |
       Dungeon |   3023 |   2842 |    181 |    501 |   1767 |   4 |  755.8 |
               +--------+--------+--------+--------+--------+-----+--------+

Top non-repeatable levels by time:
     D:3: 1224 daAuts
     D:1: 885 daAuts
     D:2: 750 daAuts
     D:4: 163 daAuts
